 Dungeon Crawl Stone Soup version 0.26-a0-466-g989023bd0d (webtiles) character file.

Game seed: 15078096052273317547

887 HoaS the Grappler (level 8, -1/61 HPs)
             Began as a Ghoul Gladiator on Aug 9, 2020.
             Killed by divine providence
             ... invoked by an orc priest
              (13 damage)
             ... on level 4 of the Dungeon.
             The game lasted 00:08:55 (3395 turns).

HoaS the Grappler (Ghoul Gladiator)                 Turns: 3395, Time: 00:08:55

Health: -1/61      AC: 10    Str: 19    XL:     8   Next: 5%
Magic:  7/7        EV:  8    Int:  3    God:
Gold:   227        SH:  0    Dex: 11    Spells: 7/7 levels left

rFire    . . .     SeeInvis .     - Unarmed
rCold    + . .     Faith    .   (no shield)
rNeg     + + +     Spirit   .   h - +0 chain mail
rPois    ∞         Reflect  .   b - +1 helmet
rElec    .         Harm     .   (no cloak)
rCorr    .                      (no gloves)
MR       .....                  (no boots)
Stlth    ..........             (no amulet)
HPRegen  0.00/turn              (no ring)
MPRegen  0.10/turn              (no ring)

@: about to teleport
A: rotting body, claws 1, cold resistance 1, negative energy resistance 3,
inhibited regeneration, torment resistance, unbreathing
a: no special abilities


You were on level 4 of the Dungeon.
You visited 1 branch of the dungeon, and saw 4 of its levels.

You collected 227 gold pieces.

Inventory:

Missiles
 a - 5 boomerangs
 i - a throwing net (quivered)
 n - 5 poisoned darts
Armour
 b - a +1 helmet (worn)
 h - a +0 chain mail (worn)
Jewellery
 d - an uncursed ring of flight
Wands
 l - a wand of paralysis (14)
Scrolls
 f - 3 scrolls of teleportation
 j - a scroll of identify
Potions
 e - a potion of ambrosia {unknown}
 g - 2 potions of lignification {unknown}
 k - a potion of resistance {unknown}
 m - 2 potions of curing {unknown}


   Skills:
 - Level 2.1 Fighting
 - Level 1.7 Throwing
 - Level 2.6 Dodging
 + Level 10.2 Unarmed Combat


You had 7 spell levels left.
You didn't know any spells.
Your spell library contained the following spells:

 Spells                   Type           Power        Failure   Level
 Beastly Appendage        Tmut           Unusable     N/A         1
 Wereblood                Tmut           Unusable     N/A         2
 Spider Form              Tmut/Pois      Unusable     N/A         3
 Ice Form                 Ice/Tmut       Unusable     N/A         4
 Blade Hands              Tmut           Unusable     N/A         5

Dungeon Overview and Level Annotations

Branches:
Dungeon (4/15)
 Temple: D:4-7

Altars:
Dithmenos
Okawaru
The Shining One
Beogh

Annotations:
D:4 night's ghost, amateur DrIE


Innate Abilities, Weirdness & Mutations

Your body is rotting away.
You thrive by killing the living.
You are immune to poison.
You have sharp fingernails.
Your flesh is cold resistant. (rC+)
You are immune to negative energy. (rN+++)
You do not regenerate when monsters are visible.
You are immune to unholy pain and torment.
You can survive without breathing.


Message History

You kill the orc!
The orc hits you but does no damage.
You closely miss the orc. The orc closely misses you.
You claw the orc!
You kill the orc!
You feel better. The orc barely misses you. Night's ghost hits you.
* * * LOW HITPOINT WARNING * * *
Things that are here:
a +0 club; a +0 falchion; an orc corpse
As you read the scroll of teleportation, it crumbles to dust.
You feel strangely unstable. The orc hits you with a +0 club.
* * * LOW HITPOINT WARNING * * *
Night's ghost hits you but does no damage.
You mangle the orc!!
You kill the orc!
You feel better.
The orc priest mumbles some strange prayers to Beogh against you.
Beogh smites you!
You die...

#....##+#######...#.......(.##'
#'#####...........#.........#..
#....##...........#.........#..
#.................#.........#..
#.................'..)......#..
#.................#.........+..
#..............###############.
#..............#8....[_[....8#.
#....##....###@#.............#.
#....##....###)#.#8#..8.)#8#.##
#######......oW#.###.....###.#.
#..............#....#####....#.
#.............o#....o.......o#.
#..............######'''######[
#######........8..Woo........8.
#....##...........#........#...
#.................#........#...


You could see an orc priest, night's ghost and an orc.

Vanquished Creatures
  Sigmund (D:2)
  Edmund (D:4)
  An ogre (D:4)
  A scorpion (D:4)
  A howler monkey (D:4)
  A jelly (D:3)
  5 orc wizards
  Terence (D:2)
  3 worker ants (D:4)
  5 adders
  3 oozes
  An adder skeleton (D:4)
  4 worms
  3 dart slugs
  3 leopard geckos
  20 orcs
  7 giant cockroaches
  9 goblins
  5 hobgoblins
  8 jackals
  6 kobolds
  3 quokkas (D:4)
  A ball python (D:3)
  12 bats
  4 frilled lizards
  A quokka skeleton (D:4)
  7 rats
117 creatures vanquished.

Notes
Turn   | Place    | Note
-------+----------+-------------------------------------------
     0 | D:1      | HoaS the Ghoul Gladiator began the quest for the Orb.
     0 | D:1      | Reached XP level 1. HP: 17/17 MP: 0/0
   115 | D:1      | Reached XP level 2. HP: 23/24 MP: 1/1
   120 | D:1      | Reached skill level 4 in Unarmed Combat
   318 | D:1      | Reached XP level 3. HP: 27/29 MP: 2/2
   439 | D:1      | Found an iron altar of Okawaru.
   905 | D:2      | Reached skill level 5 in Unarmed Combat
   953 | D:2      | Noticed Sigmund
   978 | D:2      | Killed Sigmund
   978 | D:2      | Reached skill level 6 in Unarmed Combat
   978 | D:2      | Reached XP level 4. HP: 26/36 MP: 3/3
   978 | D:2      | Reached XP level 5. HP: 29/41 MP: 4/4
  1059 | D:2      | Found a shadowy altar of Dithmenos.
  1063 | D:2      | Reached skill level 7 in Unarmed Combat
  1126 | D:2      | Reached XP level 6. HP: 40/48 MP: 5/5
  1189 | D:2      | Noticed Terence
  1224 | D:2      | Killed Terence
  1856 | D:3      | Reached skill level 8 in Unarmed Combat
  2199 | D:4      | Noticed Edmund
  2228 | D:4      | Killed Edmund
  2228 | D:4      | Reached XP level 7. HP: 27/55 MP: 6/6
  2564 | D:4      | Reached skill level 9 in Unarmed Combat
  2772 | D:4      | Found a runed translucent gate.
  2772 | D:4      | Found a runed translucent gate.
  2772 | D:4      | Found a runed translucent gate.
  2782 | D:4      | Noticed night's ghost (amateur DrIE)
  2783 | D:4      | Identified the +3 ring mail of the Orcish Mines {rElec
                  | MP+9}
  2785 | D:4      | Found a roughly hewn altar of Beogh.
  3001 | D:4      | Reached skill level 10 in Unarmed Combat
  3031 | D:4      | Reached XP level 8. HP: 59/61 MP: 7/7
  3038 | D:4      | Found a glowing golden altar of the Shining One.
  3395 | D:4      | Killed from afar by an orc priest

Illustrated notes

Levels and vault maps discovered:
D:1:      lemuel_arrival_muddy, layout_basic, okawaru_ov_weapons_minmay
D:2:      layout_loops_ring, lemuel_round_altar, uniq_terence, uniq_sigmund,
          uniq_robin
D:3:      wander_river, layout_rooms
D:4:      minmay_chambers_of_threes, layout_gridville, old_standard_altar,
          biasface_ghost_orc_armoury, roderic_serpentine_path, uniq_edmund

Skill      XL: |  1  2  3  4  5  6  7 |
---------------+----------------------+-----
Unarmed Combat | 4 6 7 8 10 | 10.2
Fighting       | |  2.1
Throwing       | |  1.7
Dodging        | |  2.6

Action                   |  1- 3 |  4- 6 |  7- 9 || total
-------------------------+-------+-------+-------++-------
Melee: Unarmed           |   123 |   151 |   109 ||   383
       Punch             |     1 |     3 |     1 ||     5
Throw: Throwing net      |     2 |     3 |       ||     5
  Use: Scroll            |     2 |     5 |     3 ||    10
Armor: Leather armour    |    47 |       |       ||    47
       Ring mail         |     2 |    34 |       ||    36
       Chain mail        |       |    11 |    58 ||    69
Dodge: Dodged            |    88 |    53 |    47 ||   188

Table legend: (Time is in decaauts)
 A = Elapsed time spent in this place.
 B = Non-inter-level travel time spent in this place.
 C = Inter-level travel time spent in this place.
 D = Time resting spent in this place.
 E = Time spent auto-exploring this place.
 F = Levels seen in this place.
 G = Mean time per level.
                   A        B        C        D        E       F      G
               +--------+--------+--------+--------+--------+-----+--------+
         Total |   3365 |   3228 |    137 |    335 |   2066 |   4 |  841.2 |
       Dungeon |   3365 |   3228 |    137 |    335 |   2066 |   4 |  841.2 |
               +--------+--------+--------+--------+--------+-----+--------+

Top non-repeatable levels by time:
     D:4: 1032 daAuts
     D:1: 891 daAuts
     D:2: 756 daAuts
     D:3: 685 daAuts
